 Dungeon Crawl Stone Soup version 0.26-a0-519-gb2f46ef (webtiles) character file.

Game seed: 5808108750033842717

731 robertstho the Chopper (level 7, 0/57 HPs)
             Began as a Palentonga Fighter on Aug 10, 2020.
             Was an Initiate of Okawaru.
             Slain by a centaur
             ... wielding a cursed -3 shortbow
              (1 damage)
             ... on level 6 of the Dungeon.
             The game lasted 00:09:14 (5774 turns).

robertstho the Chopper (Palentonga Fighter)         Turns: 5774, Time: 00:09:14

Health: 0/57       AC:  9    Str: 19 (21) XL:     7   Next: 45%
Magic:  7/7        EV:  2    Int:  6 (9)  God:    Okawaru [......]
Gold:   269        SH: 13    Dex:  6 (9)  Spells: 6/6 levels left

rFire    . . .     SeeInvis +   a - +0 war axe
rCold    . . .     Faith    .   p - +0 tower shield
rNeg     + . .     Spirit   .   l - +0 chain mail
rPois    .         Reflect  .   (no helmet)
rElec    .         Harm     .   (no cloak)
rCorr    .                      o - +0 pair of gloves
MR       +....                  (boots restricted)
Stlth    ..........             y - amulet of the acrobat
HPRegen  0.19/turn              h - ring of protection from magic
MPRegen  0.10/turn              q - ring of positive energy

@: brilliant, lethally poisoned (0 -> -6), flying
A: large, rugged brown scales 3, see invisible, deformed body, roll, armoured
tail
a: Rolling Charge, Renounce Religion


You were on level 6 of the Dungeon.
You worshipped Okawaru.
Okawaru was noncommittal.
You visited 2 branches of the dungeon, and saw 7 of its levels.

You collected 269 gold pieces.

Inventory:

Hand Weapons
 a - a +0 war axe (weapon)
Missiles
 d - 7 javelins
 i - 3 atropa-tipped darts (quivered)
Armour
 l - a +0 chain mail (worn)
 o - a +0 pair of gloves (worn)
 p - a +0 tower shield (worn)
Jewellery
 h - a ring of protection from magic (left hand)
 q - a ring of positive energy (right hand)
 y - an amulet of the acrobat (around neck)
Wands
 v - a wand of flame (5)
 w - a wand of random effects (10)
Scrolls
 b - a scroll of enchant weapon {unknown}
 e - a scroll of teleportation {unknown}
 g - 7 scrolls of identify {unknown}
 k - 6 scrolls of remove curse {unknown}
 m - 2 scrolls of amnesia {unknown}
 n - 3 scrolls of enchant armour {unknown}
 t - a scroll of fog {unknown}
Potions
 c - a potion of cancellation
 s - a potion of flight
 u - a potion of stabbing {unknown}
 x - a potion of lignification {unknown}
 z - a potion of heal wounds {unknown}


   Skills:
 + Level 4.1 Fighting
 + Level 5.3 Axes
 + Level 3.5 Armour
 + Level 0.6 Dodging
 + Level 0.5 Stealth
 + Level 4.4 Shields
 * Level 0.4 Invocations


You had 6 spell levels left.
You didn't know any spells.
Your spell library contained the following spells:

 Spells                   Type           Power        Failure   Level
 Magic Dart               Conj           #...         100%        1
 Blink                    Tloc           N/A          100%        2
 Call Imp                 Summ           #.......     100%        2
 Slow                     Hex            #.......     100%        2
 Conjure Flame            Conj/Fire      #.......     100%        3
 Mephitic Cloud           Conj/Pois/Air  #.......     100%        3


Dungeon Overview and Level Annotations

Branches:
Dungeon (6/15)             Temple (1/1) D:4

Altars:
Ashenzari
Cheibriados
Dithmenos
Elyvilon
Fedhas
Gozag
Hepliaklqana
Kikubaaqudgha
Makhleb
Nemelex Xobeh
Okawaru
Qazlal
Ru
Sif Muna
Trog
Uskayaw
Vehumet
Wu Jian
Xom
Zin
The Shining One

Shops:
D:4 }   D:5 [


Innate Abilities, Weirdness & Mutations

You are completely covered in rugged brown scales. (AC +3, +7% HP)
You have supernaturally acute eyesight. (SInv)
Armour fits poorly on your strangely shaped body.
You can roll at foes to attack.
You have a long armoured tail.


Message History

The centaur is moderately wounded.
You feel sick.
The centaur hits you with a cursed -3 shortbow.
* * * LOW HITPOINT WARNING * * *
The centaur hits you but does no damage.
It was a potion of cancellation.
You feel magically purged.
* * * LOW HITPOINT WARNING * * *
You feel sick.
The centaur hits you with a cursed -3 shortbow.
* * * LOW HITPOINT WARNING * * *
It was a potion of brilliance.
You feel clever all of a sudden.
* * * LOW HITPOINT WARNING * * *
You feel sick.
The centaur hits you but does no damage.
It was a potion of flight.
You feel very buoyant.
You fly up into the air.
You block the centaur's attack.
The centaur hits you with a cursed -3 shortbow.
You die...

..... ...# ...# #..#
#..## ...#
#.#####..######
#.(.†(.@c.....[
########..######
...............#
########..####.#####
##..# #.#...# #..#
#.#.#.# ##.###.#.#<#
#..##.#.#######
#..##.#........


You could see a centaur.

Vanquished Creatures
  Duvessa (D:4)
  An ice beast (D:5)
  A bullfrog (D:5)
  Dowan (D:4)
  A scorpion (D:6)
  2 bullfrog zombies
  An orc priest (D:4)
  A hound (D:4)
  An orc wizard (D:4)
  3 worker ants (D:4)
  3 gnolls (D:5)
  4 adders
  A howler monkey skeleton (D:4)
  An ooze (D:3)
  3 worms
  2 dart slugs (D:1)
  2 leopard geckos
  3 orcs
  7 bats
  5 giant cockroaches
  6 goblins (D:1)
  8 hobgoblins
  3 jackals (D:3)
  4 kobolds
  3 quokkas
  A ball python (D:4)
  A ball python skeleton (D:4)
  3 frilled lizards (D:1)
  2 quokka skeletons
  2 rats
77 creatures vanquished.

Notes
Turn   | Place    | Note
-------+----------+-------------------------------------------
     0 | D:1      | robertstho the Palentonga Fighter began the quest for the
                  | Orb.
     0 | D:1      | Reached XP level 1. HP: 19/19 MP: 1/1
    71 | D:1      | Reached XP level 2. HP: 24/25 MP: 2/2
   301 | D:1      | Found a shattered altar of Ashenzari.
   303 | D:1      | Found a glowing silver altar of Zin.
   303 | D:1      | Found a shattered altar of Ashenzari.
   305 | D:1      | Found a shimmering altar of Xom.
   305 | D:1      | Found a sparkling altar of Nemelex Xobeh.
   305 | D:1      | Found a shadowy altar of Dithmenos.
   831 | D:2      | Reached XP level 3. HP: 31/31 MP: 3/3
  1640 | D:3      | Found a sparkling altar of Nemelex Xobeh.
  2098 | D:4      | Reached skill level 3 in Axes
  2098 | D:4      | Reached XP level 4. HP: 8/38 MP: 4/4
  2378 | D:4      | Found Ohanik's Gadget Emporium.
  2444 | D:4      | Reached XP level 5. HP: 41/43 MP: 5/5
  2755 | D:4      | Noticed Duvessa
  2756 | D:4      | Found a staircase to the Ecumenical Temple.
  2758 | D:4      | Noticed Dowan
  2770 | D:4      | Killed Duvessa
  2770 | D:4      | Reached XP level 6. HP: 31/51 MP: 6/6
  2779 | D:4      | Reached skill level 4 in Axes
  2785 | D:4      | Killed Dowan
  3607 | D:5      | Entered Level 5 of the Dungeon
  3853 | D:5      | Noticed an ice beast
  3864 | D:5      | Killed an ice beast
  3864 | D:5      | Reached skill level 5 in Axes
  3864 | D:5      | Reached XP level 7. HP: 18/57 MP: 7/7
  4067 | D:5      | Found Gihoc's Antique Armour Boutique.
  5114 | Temple   | Entered the Ecumenical Temple
  5334 | Temple   | Became a worshipper of Warmaster Okawaru
  5772 | D:6      | HP: 2/57 [centaur/cursed -3 shortbow (3)]
  5774 | D:6      | Slain by a centaur

Illustrated notes

Levels and vault maps discovered:
D:1:      arrival_zaba_pyramid, layout_basic, st_stairs_2, minmay_crystal_water,
          doesnt_xom_only_xom
D:2:      layout_loops_ring
D:3:      cheibrodos_old_hovel, layout_loops_ring, old_standard_altar
D:4:      layout_basic, minmay_temple_entry_gardened_gates, serial_shops, shop,
          uniq_duvessa
D:5:      layout_loops_ring, serial_shops, shop, minmay_misc_feat_square
D:6:      layout_basic
Temple:   dpeg_five_rooms_temple

Skill      XL: |  1  2  3  4  5  6 |
---------------+-------------------+-----
Axes           | 3 5 |  5.3
Shields        | 3 4 |  4.4
Armour         | 3 |  3.5
Fighting       | 4 |  4.1
Dodging        | |  0.6
Stealth        | |  0.5
Invocations    | |  0.4

Action                   |  1- 3 |  4- 6 |  7- 9 || total
-------------------------+-------+-------+-------++-------
Melee: War axe           |   148 |    89 |    58 ||   295
       Tailslap          |    12 |    13 |     7 ||    32
  Use: Potion            |       |     4 |     7 ||    11
Armor: Scale mail        |    21 |       |       ||    21
       Chain mail        |    71 |    37 |    18 ||   126
Dodge: Dodged            |     9 |     4 |    10 ||    23
Block: Kite shield       |    50 |       |       ||    50
       Tower shield      |    51 |    87 |    59 ||   197

Table legend: (Time is in decaauts)
 A = Elapsed time spent in this place.
 B = Non-inter-level travel time spent in this place.
 C = Inter-level travel time spent in this place.
 D = Time resting spent in this place.
 E = Time spent auto-exploring this place.
 F = Levels seen in this place.
 G = Mean time per level.
                   A        B        C        D        E       F      G
               +--------+--------+--------+--------+--------+-----+--------+
         Total |   5881 |   5586 |    295 |    439 |   4207 |   7 |  840.1 |
       Dungeon |   5628 |   5396 |    232 |    439 |   4025 |   6 |  938.0 |
        Temple |    253 |    190 |     63 |      0 |    182 |   1 |  253.0 |
               +--------+--------+--------+--------+--------+-----+--------+

Top non-repeatable levels by time:
     D:4: 2209 daAuts
     D:5: 1280 daAuts
     D:1: 798 daAuts
     D:3: 663 daAuts
     D:2: 636 daAuts
  Temple: 253 daAuts
     D:6: 40 daAuts
